 Dungeon Crawl Stone Soup version 0.29.0-4-gdea44cf6ec (webtiles) character file.

Game seed: 1577656246302328119

91 qw the Ruffian (level 4, 0/35 HPs)
             Began as a Ghoul Fire Elementalist on Aug 29, 2022.
             Slain by Terence
             ... wielding a +0 flail
              (5 damage)
             ... on level 2 of the Dungeon.
             The game lasted 00:01:59 (3573 turns).

qw the Ruffian (Ghoul Fire Elementalist)            Turns: 3573, Time: 00:01:59

Health: 0/35       AC:  2    Str: 13    XL:     4   Next: 59%
Magic:  5/5        EV: 10    Int: 10    God:
Gold:   101        SH:  7    Dex:  9    Spells: 5/6 levels left

rFire   . . .      SeeInvis .     - Unarmed
rCold   + . .      Faith    .   d - +0 kite shield
rNeg    + + +      Spirit   .   a - +0 robe
rPois   inf        Reflect  .   (no helmet)
rElec   .          Harm     .   (no cloak)
rCorr   .          Rampage  .   (no gloves)
Will    .....                   (no boots)
Stlth   ++........              (no amulet)
HPRegen 0.00/turn               (no ring)
MPRegen 0.09/turn               (no ring)

@: inhibited regen
A: claws 1, cold resistance 1, negative energy resistance 3, inhibited
regeneration, torment resistance 2, devour on kill
a: no special abilities


You were on level 2 of the Dungeon.
You visited 1 branch of the dungeon, and saw 2 of its levels.

You collected 101 gold pieces.


Innate Abilities, Weirdness & Mutations

You are immune to poison.
You have sharp fingernails.
Your flesh is cold resistant. (rC+)
You are immune to negative energy. (rN+++)
You do not regenerate when monsters are visible.
You are immune to unholy pain and torment.
You thrive by killing the living.


   Skills:
 - Level 1.2 Fighting
 - Level 1.7 Dodging
 - Level 2.1 Stealth
 - Level 2.1 Shields
 + Level 3.0 Unarmed Combat
 - Level 1.7 Spellcasting
 - Level 0.7 Conjurations
 - Level 2.4 Fire Magic


You had 5 spell levels left.
You knew the following spells:

 Your Spells              Type           Power      Damage    Failure   Level
a - Foxfire               Conj/Fire      16%        2x1d4     47%         1

Your spell library contained the following spells:

 Spells                   Type           Power      Damage    Failure   Level
 Scorch                   Fire           10%        2d6       50%         2
 Conjure Flame            Conj/Fire      4%         6-21      85%         3
 Inner Flame              Hex/Fire       3%         N/A       88%         3
 Flame Wave               Conj/Fire      4%         2d5       99%         4

Inventory:

Missiles
 h - a silver javelin (quivered)
Armour
 a - a +0 robe (worn)
 d - a +0 kite shield (worn)
 f - a +0 ring mail
Scrolls
 b - a scroll of amnesia {unknown}
 g - a scroll of identify {unknown}
Potions
 c - 2 potions of curing
 e - 2 potions of lignification {unknown}
 i - a potion of haste {unknown}

Dungeon Overview and Level Annotations

Branches:
Dungeon (2/15)

Altars:

Annotations:
D:2 Terence


Message History

The giant cockroach is severely wounded.
You block the giant cockroach's attack.
You scratch the giant cockroach but do no damage.
The giant cockroach is severely wounded.
The giant cockroach bites you but does no damage.
You barely miss the giant cockroach.
The giant cockroach is severely wounded.
The giant cockroach bites you but does no damage.
The giant cockroach bites you.
You closely miss the giant cockroach.
The giant cockroach is severely wounded.
The giant cockroach bites you.
You scratch the giant cockroach but do no damage.
The giant cockroach is severely wounded.
The giant cockroach bites you but does no damage.
You scratch the giant cockroach.
You kill the giant cockroach!
You feel better.
You scratch Terence.
Terence is moderately wounded.
Terence hits you with a +0 flail.
You scratch Terence.
Terence is moderately wounded.
Terence closely misses you.
You closely miss Terence.
Terence is moderately wounded.
Terence hits you with a +0 flail!
You scratch Terence but do no damage.
Terence is moderately wounded.
You block Terence's attack.
You scratch Terence but do no damage.
Terence is moderately wounded.
Terence closely misses you.
You scratch Terence.
Terence is heavily wounded.
Terence hits you with a +0 flail. x2
You scratch Terence but do no damage.
Terence is heavily wounded.
Terence hits you with a +0 flail.
You die...

#........## ....
#........# ..?.
#........#### .....
#...>.......# .....
#.........#.. (.....
#.........###
......###
#........####
......@%#
##.##..#..... #@#
#..##..#.....
#.####......#..... .
#.#.>.............
#.###.#.#..#.........#
#.........##..........
####....####.........#
#....# #.........#
#....## #####.##..#
#.....### #..##..#


You could see Terence.

Vanquished Creatures
  4 adders (D:2)
  3 dart slugs
  5 ball pythons
  3 bats
  4 endoplasms (D:1)
  4 giant cockroaches
  7 goblins
  4 hobgoblins
  4 jackals (D:2)
  2 kobolds
  A quokka (D:1)
  A frilled lizard (D:2)
  2 rats (D:1)
44 creatures vanquished.

Notes
Turn   | Place    | Note
-------+----------+-------------------------------------------
     0 | D:1      | qw the Ghoul Fire Elementalist began the quest for the Orb.
     0 | D:1      | Reached XP level 1. HP: 14/14 MP: 2/2
     0 | D:1      | 0 ||| qw: Version: 0.1-a-90-g952f4b7
     0 | D:1      | 0 ||| qw: Game counter: 3668
     0 | D:1      | 0 ||| qw: Always use a shield: true
     0 | D:1      | 0 ||| qw: God list: Okawaru
     0 | D:1      | 0 ||| qw: Allow faded altars: false
     0 | D:1      | 0 ||| qw: Do Orc after D:15 true
     0 | D:1      | 0 ||| qw: Do second Lair branch before Depths: true
     0 | D:1      | 0 ||| qw: Lair rune preference: random
     0 | D:1      | 0 ||| qw: Plans: Normal
     0 | D:1      | 0 ||| PLANNING D:1-11
    67 | D:1      | Reached skill level 1 in Unarmed Combat
   246 | D:1      | Reached skill level 1 in Fighting
   246 | D:1      | Reached XP level 2. HP: 23/23 MP: 3/3
   255 | D:1      | 255 ||| Stepping ~*~*~tactically~*~*~ (stealth).
   256 | D:1      | 256 ||| Stepping ~*~*~tactically~*~*~ (stealth).
   326 | D:1      | 326 ||| Stepping ~*~*~tactically~*~*~ (outnumbered).
   327 | D:1      | 327 ||| Stepping ~*~*~tactically~*~*~ (outnumbered).
   667 | D:1      | Reached skill level 2 in Unarmed Combat
   861 | D:1      | Reached XP level 3. HP: 26/28 MP: 4/4
   999 | D:1      | 999 ||| Stepping ~*~*~tactically~*~*~ (hiding).
  1101 | D:1      | 1101 ||| Stepping ~*~*~tactically~*~*~ (hiding).
  1203 | D:1      | 1203 ||| Stepping ~*~*~tactically~*~*~ (hiding).
  1305 | D:1      | 1305 ||| Stepping ~*~*~tactically~*~*~ (hiding).
  1407 | D:1      | 1407 ||| Stepping ~*~*~tactically~*~*~ (hiding).
  1509 | D:1      | 1509 ||| Stepping ~*~*~tactically~*~*~ (hiding).
  1611 | D:1      | 1611 ||| Stepping ~*~*~tactically~*~*~ (hiding).
  1713 | D:1      | 1713 ||| Stepping ~*~*~tactically~*~*~ (hiding).
  1815 | D:1      | 1815 ||| Stepping ~*~*~tactically~*~*~ (hiding).
  1917 | D:1      | 1917 ||| Stepping ~*~*~tactically~*~*~ (hiding).
  2019 | D:1      | 2019 ||| Stepping ~*~*~tactically~*~*~ (hiding).
  2121 | D:1      | 2121 ||| Stepping ~*~*~tactically~*~*~ (hiding).
  2223 | D:1      | 2223 ||| Stepping ~*~*~tactically~*~*~ (hiding).
  2325 | D:1      | 2325 ||| Stepping ~*~*~tactically~*~*~ (hiding).
  2427 | D:1      | 2427 ||| Stepping ~*~*~tactically~*~*~ (hiding).
  2983 | D:1      | 2983 ||| UPGRADING to +0 kite shield.
  2988 | D:1      | 2988 ||| DRINKING 2 silvery potions.
  2989 | D:1      | 2989 ||| DROPPING potion of magic.
  3049 | D:2      | 3049 ||| Stepping ~*~*~tactically~*~*~ (stealth).
  3134 | D:2      | 3134 ||| Stepping ~*~*~tactically~*~*~ (stealth).
  3139 | D:2      | 3139 ||| Stepping ~*~*~tactically~*~*~ (stealth).
  3141 | D:2      | 3141 ||| Stepping ~*~*~tactically~*~*~ (stealth).
  3143 | D:2      | Reached skill level 1 in Shields
  3144 | D:2      | 3144 ||| Stepping ~*~*~tactically~*~*~ (stealth).
  3259 | D:2      | Reached skill level 3 in Unarmed Combat
  3301 | D:2      | Found a faded altar of an unknown god.
  3342 | D:2      | Reached XP level 4. HP: 35/35 MP: 5/5
  3412 | D:2      | 3412 ||| Stepping ~*~*~tactically~*~*~ (stealth).
  3475 | D:2      | 3475 ||| Stepping ~*~*~tactically~*~*~ (stealth).
  3544 | D:2      | Noticed Terence
  3572 | D:2      | HP: 5/35 [Terence/+0 flail (4)]
  3573 | D:2      | Slain by Terence

Levels and vault maps discovered:
D:1:      scummos_arrival_simple_crosswalls, layout_basic
D:2:      layout_rooms, hellmonk_ecumenical_altar_inner_sanctum, uniq_terence

Skill      XL: |  1  2  3  4 |
---------------+-------------+-----
Unarmed Combat | 1 2 3 |  3.0
Fighting       | 1 |  1.2
Shields        | 1 2 |  2.1
Dodging        | |  1.7
Stealth        | |  2.1
Spellcasting   | |  1.7
Conjurations   | |  0.7
Fire Magic     | |  2.4

Action                   |  1- 3 |  4- 6 || total
-------------------------+-------+-------++-------
Melee: Unarmed           |   137 |    39 ||   176
       Punch             |     2 |       ||     2
Throw: Javelin           |     3 |     6 ||     9
  Use: Potion            |     1 |       ||     1
 Stab: Sleeping          |     1 |       ||     1
Armor: Robe              |    21 |     6 ||    27
Dodge: Dodged            |    60 |    18 ||    78
Block: Kite shield       |     8 |    12 ||    20

Table legend:
 A = Non-vault XP
 B = Vault XP
 C = Vault XP percentage of total XP
 D = Non-vault monster count
 E = Vault monster count
 F = Vault count percentage of total count
                 A         B        C        D         E       F
            +---------+---------+-------+---------+---------+-------
      Total |     131 |       0 |   0.0 |      44 |       0 |   0.0
            +---------+---------+-------+---------+---------+-------
        D:1 |      51 |       0 |   0.0 |      25 |       0 |   0.0
        D:2 |      80 |       0 |   0.0 |      19 |       0 |   0.0
            +---------+---------+-------+---------+---------+-------
